AoeStats
← A snickers7606

Arena

509758731Analyzed
1v1 RM · 5d ago on Sep 27, 2026· 50m 11s· 2 players
Game mode
Random Map
Map size
Tiny (2 player)
Population
200
Speed
Normal
Resources
Standard
Victory
Conquest
Starting age
Dark Age
Ending age
Imperial Age
RankedLock teamsTeams togetherTeam positionsShared explorationLock speedFull tech treeHidden civsTurbo modeCheats
Victory
Defeat
🇬🇧 Britons · United Kingdom
283
+6
🇮🇳 Franks · India
43
-6
gk137530
15:20 Feudal Age
22:14 Castle Age
23:17 Husbandry
24:03 Wheelbarrow
26:06 Gold Mining
26:07 Stone Mining
29:03 Hand Cart
28:35 Town Watch
34:41 Town Patrol
44:14 Light Cavalry
48:59 Imperial Age
A snickers7606
16:27 Feudal Age
20:50 Horse Collar
21:48 Wheelbarrow
21:09 Gold Mining
23:46 Castle Age
21:38 Double-Bit Axe
21:54 Stone Mining
26:12 Fletching
26:23 Padded Archer Armor
27:48 Gold Shaft Mining
27:40 Hand Cart
27:39 Bow Saw
27:37 Heavy Plow
36:46 Imperial Age
34:30 Treadmill Crane
35:03 Fortified Wall
34:56 Bodkin Arrow
35:16 Leather Archer Armor
37:06 Elite Longbowman
40:13 Bracer
40:43 Ring Archer Armor
43:28 Ring Archer Armor
43:50 Yeomen
46:45 Warwolf
47:55 Chemistry
Connection lost

Rejoining the realm…

Still unreachable

The connection could not be restored.

Session expired

The server has moved on; the page needs a fresh start.